 Dungeon Crawl Stone Soup version 0.22.1-1-ga44c0e5 (webtiles) character file.

357 Fang the Chopper (level 6, -2/39 HPs)
             Began as a Gargoyle Berserker on Sept 20, 2018.
             Was a Priest of Trog.
             Slain by an ogre
             ... wielding a +0 giant club
              (8 damage)
             ... on level 4 of the Dungeon.
             The game lasted 00:03:41 (2937 turns).

Fang the Chopper (Gargoyle Berserker)               Turns: 2937, Time: 00:03:42

Health: -2/39      AC:  6    Str: 23    XL:     6   Next: 64%
Magic:  6/6        EV: 12    Int:  7    God:    Trog [***...]
Gold:   97         SH:  0    Dex:  9    Spells: 5/5 levels left

rFire    . . .     SeeInvis .   a - +0 hand axe
rCold    . . .     Gourm    .   (no shield)
rNeg     + . .     Faith    +   b - +0 animal skin
rPois    ∞         Spirit   .   (no helmet)
rElec    +         Reflect  .   (no cloak)
rCorr    .         Harm     .   (no gloves)
MR       .....                  (no boots)
Stlth    ++........             m - amulet of faith
HPRegen  0.13/turn              (no ring)
MPRegen  0.10/turn              (no ring)

@: berserk cooldown, slowed, very slow
A: negative energy resistance 1, electricity resistance, unbreathing,
petrification resistance, rot immunity, AC +4
a: Berserk, Trog's Hand, Renounce Religion


You were on level 4 of the Dungeon.
You worshipped Trog.
Trog was most pleased with you.
You were hungry.

You visited 1 branch of the dungeon, and saw 4 of its levels.
You also visited: Sewer.

You collected 97 gold pieces.

Inventory:

Hand Weapons
 a - a +0 hand axe (weapon)
Armour
 b - a +0 animal skin (worn)
Jewellery
 m - an amulet of faith (around neck)
Scrolls
 d - a scroll of random uselessness {unknown}
 l - 3 scrolls of remove curse
Potions
 e - a potion of cancellation
 g - 2 potions of flight
 h - 4 potions of curing
 i - 2 potions of might
 j - a potion of haste
 k - a potion of agility
 p - a potion of heal wounds
Comestibles
 c - 5 rations
 f - a chunk of flesh


   Skills:
 + Level 4.7 Fighting
 + Level 4.8 Axes
 + Level 2.2 Armour
 + Level 2.7 Dodging
 + Level 2.5 Stealth


You had 5 spell levels left.
You didn't know any spells.
Your spell library was empty.

Dungeon Overview and Level Annotations

Branches:
Dungeon (4/15)
 Temple: D:4-7

Altars:
Cheibriados
Fedhas
Kikubaaqudgha
Qazlal
Xom


Innate Abilities, Weirdness & Mutations

You are resistant to torment.
Your stone body is resilient. (AC +4)
You are immune to poison.
You resist negative energy. (rN+)
You are resistant to electric shocks. (rElec)
You can survive without breathing.
You are immune to petrification.
You are immune to rotting.


Message History

You are too injured to fight recklessly!
You are too injured to fight recklessly!
You are too injured to fight recklessly!
You are too injured to fight recklessly!
You are too injured to fight recklessly!
You are too injured to fight recklessly!
You are too injured to fight recklessly!
You are too injured to fight recklessly!
You feel better. The ogre barely misses you. The ogre misses you.
You feel better. The ogre completely misses you.
You feel better. The ogre hits you with a giant club!!
* * * LOW HITPOINT WARNING * * *
You are too injured to fight recklessly!
You barely miss the ogre.
The ogre is moderately wounded.
The ogre barely misses you.
You hit the ogre.
The ogre is moderately wounded.
The ogre hits you with a giant club!
You die...

.. #.. ##
#.O . #...
.#
>..#####.#
...#@..#
#.#O#.+
#.....#
##.#.##
#.#.#
#<#.#
#.#.#
..#.#
####.#


You could see an ogre.

Vanquished Creatures
  A big kobold (Sewer)
  A scorpion (D:4)
  A howler monkey (D:4)
  A hound (D:4)
  8 adders
  A river rat (Sewer)
  An ooze (D:1)
  2 worms
  A dart slug (D:2)
  4 leopard geckos
  An orc (D:3)
  4 ball pythons
  3 giant cockroaches
  5 hobgoblins
  5 jackals
  3 quokkas
  10 bats
  2 frilled lizards (D:2)
  4 goblins (D:2)
  12 kobolds
  15 rats
85 creatures vanquished.

Notes
Turn   | Place    | Note
-------+----------+-------------------------------------------
     0 | D:1      | Fang the Gargoyle Berserker began the quest for the Orb.
     0 | D:1      | Reached XP level 1. HP: 14/14 MP: 1/1
   296 | D:1      | Reached XP level 2. HP: 14/19 MP: 2/2
   800 | D:1      | Found a shimmering altar of Xom.
   861 | D:2      | Reached XP level 3. HP: 24/24 MP: 3/3
   871 | D:2      | Reached skill level 1 in Stealth
   938 | D:2      | Found a stormy altar of Qazlal.
   951 | D:2      | Found a blossoming altar of Fedhas.
  1103 | D:2      | Reached ** piety under Trog
  1103 | D:2      | Reached XP level 4. HP: 29/29 MP: 4/4
  1366 | D:2      | Found a snail-covered altar of Cheibriados.
  1683 | D:3      | Reached XP level 5. HP: 33/33 MP: 5/5
  1818 | D:3      | Found a glowing drain.
  1857 | Sewer    | Entered a sewer
  1864 | Sewer    | Reached *** piety under Trog
  2059 | Sewer    | Noticed a big kobold
  2104 | Sewer    | Killed a big kobold
  2104 | Sewer    | Reached XP level 6. HP: 24/39 MP: 6/6
  2235 | Sewer    | Found a white marble altar of Elyvilon.
  2348 | D:3      | Found an ancient bone altar of Kikubaaqudgha.
  2937 | D:4      | Slain by an ogre

Skill      XL: |  1  2  3  4  5 |
---------------+----------------+-----
Axes           | 3 4 |  4.8
Stealth        | 1 2 |  2.5
Fighting       | 4 |  4.7
Dodging        | 2 |  2.7
Armour         | |  2.2

Action                   |  1- 3 |  4- 6 || total
-------------------------+-------+-------++-------
Melee: Hand axe          |    75 |   229 ||   304
Invok: Berserk           |     1 |     3 ||     4
  Use: Scroll            |       |    12 ||    12
       Potion            |       |     4 ||     4
 Stab: Sleeping          |     3 |     3 ||     6
  Eat: Chunk             |     1 |     9 ||    10
Armor: Animal skin       |    17 |    76 ||    93
Dodge: Dodged            |    53 |   171 ||   224
